AoeStats
← Atmaca3307

Arabia

509738332Analyzed
1v1 RM · 4d ago on Sep 27, 2026· 56m 37s· 2 players
Game mode
Random Map
Map size
Tiny (2 player)
Population
200
Speed
Normal
Resources
Standard
Victory
Conquest
Starting age
Dark Age
Ending age
Imperial Age
RankedLock teamsTeams togetherTeam positionsShared explorationLock speedFull tech treeHidden civsTurbo modeCheats
Victory
Defeat
🇹🇷 Turks · Türkiye
301
+21
🇺🇸 Japanese · United States
405
-21
Atmaca3307
13:21 Feudal Age
14:43 Wheelbarrow
14:54 Double-Bit Axe
25:42 Castle Age
23:52 Scale Mail Armor
23:58 Scale Barding Armor
24:04 Forging
23:55 Gold Mining
23:56 Stone Mining
24:45 Bloodlines
25:25 Horse Collar
26:40 Hand Cart
26:46 Bow Saw
28:34 Gold Shaft Mining
28:05 Heavy Plow
28:37 Husbandry
31:16 Chain Mail Armor
33:16 Chain Barding Armor
33:47 Iron Casting
46:03 Imperial Age
47:36 Plate Barding Armor
47:31 Plate Mail Armor
48:02 Blast Furnace
47:06 Cavalier
CallMeDad
6:36 Loom
9:19 Feudal Age
9:51 Double-Bit Axe
10:52 Man-at-Arms
11:40 Horse Collar
14:23 Arson
16:47 Forging
19:44 Scale Mail Armor
24:18 Castle Age
26:56 Iron Casting
26:37 Chain Mail Armor
29:41 Pikeman
30:23 Squires
32:34 Heavy Plow
41:14 Imperial Age
39:38 Fletching
43:12 Blast Furnace
44:17 Plate Mail Armor
45:50 Halberdier
47:08 Bodkin Arrow
48:17 Wheelbarrow
Connection lost

Rejoining the realm…

Still unreachable

The connection could not be restored.

Session expired

The server has moved on; the page needs a fresh start.